 Dungeon Crawl Stone Soup version 0.32-a0-42-ga30500b4d3 (webtiles) character file.

Game seed: 15213695221091451802

875 cforsyth the Trooper (level 8, -2/62 HPs)
             Began as a Djinni Reaver on Jan 28, 2024.
             Slain by a gnoll
             ... wielding a +0 spear
              (5 damage)
             ... on level 4 of the Dungeon.
             The game lasted 00:08:26 (4489 turns).

cforsyth the Trooper (Djinni Reaver)                Turns: 4489, Time: 00:08:27

Health: -2/62      AC:  4    Str: 11    XL:     8   Next: 24%
Gold:   179        EV: 11    Int: 17    God:
                   SH:  5    Dex: 12

rFire   + + .        u - +3 scythe (vamp)
rCold   x . .        (shield currently unavailable)
rNeg    + . .        b - +0 leather armour
rPois   ∞            f - +0 helmet
rElec   .            (no cloak)
rCorr   .            (no gloves)
SInv    .            (boots unavailable)
Will    .....        r - amulet of reflection
Stlth   +            n - ring of positive energy
HPRegen 0.30/turn    (no ring)
MPRegen 0.00/turn

%: reflection, infuse magic (-3 HP)
@: attractive, flying
A: sickness immunity, fire resistance 2, cold vulnerability 1, float, innate
caster, HP casting, extra vitality 1
a: no special abilities


You were on level 4 of the Dungeon.
You visited 1 branch of the dungeon, and saw 4 of its levels.
You also visited: Sewer.

You collected 179 gold pieces.

Inventory:

Hand Weapons
 a - a +0 short sword
 u - a +3 vampiric scythe (weapon)
Armour
 b - a +0 leather armour (worn)
 f - a +0 helmet (worn)
Jewellery
 n - a ring of positive energy (left hand)
 q - an amulet of the acrobat
 r - an amulet of reflection (around neck)
Wands
 c - a wand of acid (2)
Scrolls
 k - a scroll of fog {unknown}
 l - 3 scrolls of teleportation {unknown}
 o - a scroll of immolation {unknown}
 p - 2 scrolls of noise {unknown}
 t - a scroll of enchant weapon {unknown}
Potions
 d - 3 potions of enlightenment
 e - a potion of lignification
 g - 2 potions of haste {unknown}
 h - a potion of invisibility {unknown}
 i - 2 potions of resistance
 j - a potion of curing
 m - a potion of attraction
 s - a potion of magic {unknown}
 v - a potion of berserk rage {unknown}


   Skills:
 + Level 6.6 Fighting
 - Level 2.6 Short Blades
 - Level 2.1 Dodging
 + Level 5.5 Spellcasting
 + Level 5.5 Conjurations
 + Level 5.5 Hexes
 + Level 5.5 Summonings
 + Level 5.5 Necromancy
 + Level 5.5 Translocations
 + Level 5.5 Fire Magic
 + Level 5.5 Ice Magic
 + Level 5.5 Air Magic
 + Level 5.5 Earth Magic
 + Level 5.5 Alchemy


You knew the following spells:

 Your Spells              Type           Power      Damage    Failure   Level
a - Kiss of Death         Conj/Necr      92%        2d12      1%          1
b - Momentum Strike       Conj/Tloc      46%        3d9       2%          2
c - Hailstorm             Conj/Ice       23%        3d7       5%          3
d - Shock                 Conj/Air       92%        1d8       1%          1
e - Mercury Vapours       Alch/Air       46%        N/A       2%          2
f - Dazzling Flash        Conj/Hex       46%        N/A       5%          3
Your spell library was empty.

Dungeon Overview and Level Annotations

Branches:
Dungeon (4/15)              Sewer (visited)
 Temple: D:4-7

Altars:
Okawaru
Uskayaw

Shops:
D:1 :


Innate Abilities, Weirdness & Mutations

You are immune to sickness and miasma.
You are immune to poison.
Your flesh is very heat resistant. (rF++)
You are vulnerable to cold. (rC-)
You float through the air rather than walking.
You learn spells naturally, not from books.
Your magical power is your life essence.
You have superior vitality. (+4 MHP)


Message History

The gnoll hits you with a +0 club. The gnoll barely misses you.
The orc priest barely misses you. The orc closely misses you.
The orc hits you from afar with a +0 trident!
The orc hits you with a +0 club. The adder closely misses you.
The orc hits you but does no damage.
You see here a +0 whip.
The orc attacks as it pursues you! The orc barely misses you.
The gnoll hits you with a +0 club. The adder bites you but does no damage.
The orc is no longer blind.
The orc hits you from afar with a +0 trident.
The orc misses you.
Casting: Dazzling Flash (dangerous; 5% risk of failure)
Confirm with . or Enter, or press ? or * to list all spells.
Casting: Dazzling Flash (dangerous; 5% risk of failure)
Press: ? - help, Dir - look around, f - activate The adder is dazzled.
The gnoll is dazzled.
The orc is dazzled. x2
The gnoll is no longer blind.
The orc hits you but does no damage. The orc closely misses you.
The gnoll hits you with a +0 club.
The gnoll is no longer blind.
The gnoll hits you from afar with a +0 spear.
The orc hits you from afar with a +0 trident.
The orc priest is no longer blind.
The gnoll attacks as it pursues you! You block the gnoll's attack.
The gnoll barely misses you. The orc barely misses you.
The gnoll attacks as it pursues you! The gnoll closely misses you.
The gnoll barely misses you.
The orc priest invokes the aid of Beogh against you.
Beogh smites you!
* * * LOW HITPOINT WARNING * * *
The orc priest invokes the aid of Beogh against you.
Beogh smites you!
* * * LOW HITPOINT WARNING * * *
Okay, then.
Okay, then.
Unknown command.
It was a potion of attraction.
You feel attractive to monsters.
The orc is no longer blind.
The gnoll hits you from afar with a +0 spear.
You die...

#########........>..###...
##### #.###.#####(# ....##
#.# #.# #.# ##...###.###.#
#(# ##..........#.# #>#
#...........#.# #.#
#...o.........# #.#
#...)ogg....###
##).o..og@..#
##So.###........ #####
#########


You could see an orc priest, 3 gnolls, an adder (blind, unable to see you) and 4
orcs.

Vanquished Creatures
  Sigmund (D:4)
  Menkaure (D:4)
  An ogre (D:3)
  2 bullfrogs (Sewer)
  A bombardier beetle (D:3)
  2 orc priests (D:3)
  Jessica (D:2)
  10 adders
  A gnoll (D:4)
  5 river rats (Sewer)
  2 dart slugs
  3 ribbon worms (D:2)
  4 orcs
  12 ball pythons
  12 endoplasms
  4 giant cockroaches
  2 goblins (D:2)
  8 hobgoblins
  10 jackals (D:1)
  4 quokkas
  5 bats
  3 frilled lizards
  5 kobolds
  24 rats
123 creatures vanquished.

Notes
Turn   | Place    | Note
-------+----------+-------------------------------------------
     0 | D:1      | cforsyth the Djinni Reaver began the quest for the Orb.
     0 | D:1      | cforsyth set off with the following spells memorised: Kiss
                  | of Death, Momentum Strike, Hailstorm.
     0 | D:1      | Reached XP level 1. HP: 18/18 MP: 0/0
    37 | D:1      | Found Lopiuzyst's Book Shop.
   173 | D:1      | Reached XP level 2. HP: 16/23 MP: 0/0
   641 | D:1      | Reached XP level 3. HP: 29/29 MP: 0/0
   641 | D:1      | Learned a level 1 spell: Shock
  1087 | D:2      | Found a faded altar of an unknown god.
  1164 | D:2      | Reached skill level 3 in Fighting
  1260 | D:2      | You are sucked into a shaft and drop 1 floor!
  1288 | D:3      | Noticed an ogre
  1337 | D:3      | Reached XP level 4. HP: 3/35 MP: 0/0
  1338 | D:3      | Reached XP level 5. HP: 3/38 MP: 0/0
  1338 | D:3      | Learned a level 2 spell: Mercury Vapours
  1432 | D:3      | Found an iron altar of Okawaru.
  1531 | D:3      | Found a glowing drain.
  1607 | Sewer    | Entered a sewer
  1705 | Sewer    | Reached skill level 4 in Fighting
  1990 | Sewer    | Reached XP level 6. HP: 44/47 MP: 0/0
  2256 | Sewer    | Reached skill level 5 in Fighting
  2388 | Sewer    | Reached XP level 7. HP: 40/43 MP: 0/0
  2388 | Sewer    | Learned a level 3 spell: Dazzling Flash
  3139 | D:2      | Noticed Jessica
  3144 | D:2      | Killed Jessica
  3937 | D:3      | Found a hide-covered altar of Uskayaw.
  4128 | D:3      | Reached skill level 5 in Spellcasting
  4128 | D:3      | Reached skill level 5 in Conjurations
  4128 | D:3      | Reached skill level 5 in Hexes
  4128 | D:3      | Reached skill level 5 in Summonings
  4128 | D:3      | Reached skill level 5 in Necromancy
  4128 | D:3      | Reached skill level 5 in Translocations
  4128 | D:3      | Reached skill level 5 in Fire Magic
  4128 | D:3      | Reached skill level 5 in Ice Magic
  4128 | D:3      | Reached skill level 5 in Air Magic
  4128 | D:3      | Reached skill level 5 in Earth Magic
  4128 | D:3      | Reached skill level 5 in Alchemy
  4214 | D:4      | Noticed Sigmund
  4218 | D:4      | Killed Sigmund
  4219 | D:4      | Reached skill level 6 in Fighting
  4219 | D:4      | Reached XP level 8. HP: 39/61 MP: 0/0
  4405 | D:4      | Noticed Menkaure
  4410 | D:4      | Killed Menkaure
  4488 | D:4      | HP: 2/62 [orc priest/divine providence (13)]
  4489 | D:4      | Slain by a gnoll

Illustrated notes

Levels and vault maps discovered:
D:1:      ldierk_walled_garden_2, layout_loops_corners, serial_shops, shop
D:2:      layout_loops_corners, nicolae_ecumenical_oubliette, minmay_vboxes,
          uniq_jessica
D:3:      layout_loops_corners, mainiacjoe_overflow_alcove_4,
          mainiacjoe_overflow_concentric_impassable,
          mainiacjoe_overflow_large_starburst, portal_sewer_entry_f
D:4:      layout_loops_ring, mainiacjoe_overflow_six_doors_small, uniq_sigmund,
          uniq_menkaure

Skill      XL: |  1  2  3  4  5  6  7 |
---------------+----------------------+-----
Spellcasting   | 3 4 5 |  5.5
Conjurations   | 3 4 5 |  5.5
Hexes          | 3 4 5 |  5.5
Summonings     | 3 4 5 |  5.5
Necromancy     | 3 4 5 |  5.5
Translocations | 3 4 5 |  5.5
Fire Magic     | 3 4 5 |  5.5
Ice Magic      | 3 4 5 |  5.5
Air Magic      | 3 4 5 |  5.5
Earth Magic    | 3 4 5 |  5.5
Alchemy        | 3 4 5 |  5.5
Fighting       | 3 4 5 6 |  6.6
Short Blades   | |  2.6
Dodging        | |  2.1

Action                     |  1- 3 |  4- 6 |  7- 9 || total
---------------------------+-------+-------+-------++-------
  Melee: Short sword       |    80 |    14 |    10 ||   104
         Punch             |     1 |       |       ||     1
         Halberd           |       |       |    18 ||    18
   Cast: Shock             |    49 |    93 |    67 ||   209
         Kiss of Death     |       |     3 |       ||     3
         Momentum Strike   |       |     4 |     3 ||     7
         Hailstorm         |       |       |     6 ||     6
         Dazzling Flash    |       |       |     2 ||     2
         Mercury Vapours   |       |       |     1 ||     1
  Evoke: Wand              |       |     1 |       ||     1
    Use: Scroll            |     2 |     2 |     2 ||     6
         Potion            |       |       |     1 ||     1
 Armour: Leather armour    |    60 |    38 |    39 ||   137
  Dodge: Dodged            |    37 |    36 |    33 ||   106
  Block: Other             |       |       |     3 ||     3

Table legend: (Time is in decaauts)
 A = Elapsed time spent in this place.
 B = Non-inter-level travel time spent in this place.
 C = Inter-level travel time spent in this place.
 D = Time resting spent in this place.
 E = Time spent auto-exploring this place.
 F = Levels seen in this place.
 G = Mean time per level.
                   A        B        C        D        E       F      G
               +--------+--------+--------+--------+--------+-----+--------+
         Total |   4483 |   4352 |    131 |    312 |   3093 |   5 |  896.6 |
       Dungeon |   3662 |   3531 |    131 |     65 |   2713 |   4 |  915.5 |
         Sewer |    821 |    821 |      0 |    247 |    380 |   1 |  821.0 |
               +--------+--------+--------+--------+--------+-----+--------+

Top non-repeatable levels by time:
     D:2: 1122 daAuts
     D:3: 1121 daAuts
     D:1: 1119 daAuts
   Sewer: 821 daAuts
     D:4: 299 daAuts
